 Dungeon Crawl Stone Soup version 0.31.0-11-ge490571c62 (webtiles) character file.

Game seed: 14373234493268771876

5951 ces the Markstengu (level 10, -2/52 (53) HPs)
             Began as a Tengu Hunter on Feb 4, 2024.
             Was an Initiate of Gozag.
             Slain by a troll (14 damage)
             ... on level 8 of the Dungeon.
             The game lasted 00:14:31 (10992 turns).

ces the Markstengu (Tengu Hunter)                  Turns: 10992, Time: 00:14:31

HP:   -2/52 (53)    AC:  3    Str: 11    XL:     10   Next: 84%
MP:   11/11         EV: 17    Int:  7    God:    Gozag
Gold: 938           SH:  0    Dex: 35    Spells: 9/9 levels left

rFire   . . .        a - +0 shortbow
rCold   . . .        (shield currently unavailable)
rNeg    . . .        c - +0 leather armour
rPois   .            (helmet restricted)
rElec   .            (no cloak)
rCorr   .            (no gloves)
SInv    .            (boots unavailable)
Will    .....        t - amulet "Sabludd" {Faith Slay+4}
Stlth   +++          k - +6 ring of dexterity
HPRegen 0.28/turn    (no ring)
MPRegen 0.12/turn

%: acrobat, faith
@: flying, lightly drained
A: beak, talons 3, evasive flight, acrobatic, agile 2, wild magic 1
a: Renounce Religion, Potion Petition, Call Merchant, Bribe Branch


You were on level 8 of the Dungeon.
You worshipped Gozag.
Gozag was pleased with you.
You visited 2 branches of the dungeon, and saw 10 of its levels.

You collected 1052 gold pieces.
You paid 114 gold pieces to Gozag.

Inventory:

Hand Weapons
 a - a +0 shortbow (weapon)
Armour
 c - a +0 leather armour (worn)
 v - +0 ice dragon scales
 x - a +1 robe of willpower
 D - +0 swamp dragon scales
Jewellery
 k - a +6 ring of dexterity (left hand)
 n - a ring of magical power
 o - a ring of wizardry
 q - a +4 ring of protection
 t - the amulet "Sabludd" (around neck) {Faith Slay+4}
   (You found it on level 3 of the Dungeon)

   [amulet of faith]

   Faith:     It allows you to gain divine favour quickly.
   Slay+4:    It affects your accuracy & damage with ranged weapons and melee
   (+4).
 w - a ring of resist corrosion
Wands
 f - a wand of mindburst (10)
 i - a wand of light (3)
 A - a wand of paralysis (7)
Scrolls
 d - 2 scrolls of fog
 g - 2 scrolls of blinking {unknown}
 h - 4 scrolls of identify {unknown}
 m - 2 scrolls of enchant armour {unknown}
 p - a scroll of enchant weapon {unknown}
 r - 4 scrolls of teleportation {unknown}
 s - a scroll of brand weapon {unknown}
 u - a scroll of acquirement {unknown}
 y - a scroll of vulnerability {unknown}
 z - a scroll of silence {unknown}
 B - 2 scrolls of fear {unknown}
Potions
 e - 3 potions of lignification
 j - a potion of curing
 C - a potion of might


   Skills:
 + Level 2.0 Fighting
 + Level 17.4 Ranged Weapons
 + Level 2.2 Dodging
 + Level 1.0 Stealth


You had 9 spell levels left.
You didn't know any spells.
Your spell library contained the following spells:

 Spells                   Type           Power      Damage    Failure   Level
 Sandblast                Erth           0%         2d4       61%         1
 Shock                    Conj/Air       0%         1d3       61%         1
 Mercury Vapours          Alch/Air       0%         N/A       75%         2
 Scorch                   Fire           0%         2d5       75%         2
 Sublimation of Blood     Necr           0%         N/A       75%         2
 Gell's Gravitas          Tloc           0%         N/A       92%         3
 Mephitic Cloud           Conj/Alch/Air  0%         N/A       92%         3
 Passwall                 Erth           0%         N/A       92%         3
 Stone Arrow              Conj/Erth      0%         3d7       92%         3
 Swiftness                Air            0%         N/A       92%         3
 Teleport Other           Tloc           0%         N/A       92%         3
 Volatile Blastmotes      Fire/Tloc      0%         2d10      92%         3
 Airstrike                Air            0%         2d(0-16)  100%        4
 Animate Armour           Summ/Erth      0%         N/A       100%        4
 Brom's Barrelling Bould  Conj/Erth      0%         2d3       100%        4
 Flame Wave               Conj/Fire      0%         2d4       100%        4
 Fulminant Prism          Conj/Alch      0%         3d5       100%        4
 Iskenderun's Mystic Bla  Conj/Tloc      0%         2d3       100%        4
 Petrify                  Alch/Erth      0%         N/A       100%        4
 Summon Lightning Spire   Summ/Air       0%         N/A       100%        4
 Freezing Cloud           Conj/Ice/Air   0%         6-21      100%        5
 Irradiate                Conj/Alch      0%         3d11      100%        5
 Lee's Rapid Deconstruct  Erth           0%         3d4*      100%        5
 Dispersal                Tloc           0%         N/A       100%        6
 Summon Cactus Giant      Summ           0%         N/A       100%        6


Dungeon Overview and Level Annotations

Branches:
Dungeon (9/15)             Temple (1/1) D:6
   Lair: D:8-11         Orc: D:9-12

Altars:
Ashenzari
Cheibriados
Dithmenos
Elyvilon
Fedhas
Gozag
Hepliaklqana
Kikubaaqudgha
Nemelex Xobeh
Okawaru
Qazlal
Ru
Sif Muna
Trog
Uskayaw
Wu Jian
Xom
Yredelemnul
Zin
The Shining One

Shops:
D:2 (

Annotations:
D:4 2 transporters, 1 runed translucent door, Crazy Yiuf


Innate Abilities, Weirdness & Mutations

You have a beak for a mouth.
You have claws for feet.
Your magical flight helps you evade attacks. (EV +4)
You can magically evade attacks while moving or waiting.
You are very agile. (Dex +8, Str/Int -2)
Your spells are a little harder to cast, but a little more powerful.


Message History

The orc misses you. The troll bites you! The troll claws you.
The troll claws you!
* * * LOW HITPOINT WARNING * * *
The orc misses you.
The centaur shoots an arrow.
The arrow hits you!
* * * LOW HITPOINT WARNING * * *
There is a stone staircase leading up, spattered with blood here.
There are monsters nearby!
You feel much better.
The wight hits you with a +0 short sword.
* * * LOW HITPOINT WARNING * * *
The centaur shoots an arrow.
The arrow barely misses you. The orc wizard closely misses you.
The troll misses you. x2
The troll completely misses you. The orc closely misses you. x2
The centaur shoots an arrow.
The arrow closely misses you. The wight completely misses you.
The orc closely misses you.
The orc wizard points at you and mumbles some strange words.
The magic dart hits you.
* * * LOW HITPOINT WARNING * * *
The orc completely misses you. The troll closely misses you.
The troll barely misses you. The troll claws you!
* * * LOW HITPOINT WARNING * * *
The centaur shoots an arrow.
The arrow completely misses you.
You fly upwards.
There is a stone staircase leading down here.
You feel much better. The wight barely misses you. The troll bites you.
The troll misses you. The troll claws you!
* * * LOW HITPOINT WARNING * * *
The orc wizard hits you but does no damage.
The orc misses you. The orc closely misses you.
The air fills with toxic fumes!
As you read the scroll labelled GOEHIERGHOI, it crumbles to dust.
It was a scroll of poison.
The wight barely misses you. The troll barely misses you. The troll misses you.
The troll claws you.
* * * LOW HITPOINT WARNING * * *
The orc wizard completely misses you. The orc barely misses you.
The orc hits you but does no damage.
As you read the scroll labelled JAKKOX NUGH, it dissolves into smoke.
It was a scroll of fog.
The wight misses you. The troll bites you!
You die...
Your body crumbles into a pile of gold.

#.##.###### #.# #..#
##.##......# #§# ##.#
#...######.# #§# #######'##
#.#......#.# #§# #..'......
#...####.#§# #§# #.##.≈...≈
##.#####§#§###§# #.##.≈._.≈
#>...§§§§§§§§§######.##.≈...≈
#######§§§§ozT§§§§§§..'......
###§§o@o§§§§§§..####'##
#############.#.##.#.
#........ ###...... #######


You could see a troll, a wight, an orc wizard and 2 orcs.

Vanquished Creatures
  Maurice (D:7)
  Maggie (D:8)
  Psyche (D:8)
  6 yaks (D:8)
  2 water moccasins
  3 sky beasts
  An orc warrior (D:8)
  2 black bears
  2 ice beasts
  An ogre (D:4)
  4 centaurs
  2 kobold brigands (D:7)
  5 bullfrogs
  17 wights
  11 killer bees
  A howler monkey (D:7)
  A bombardier beetle (D:4)
  5 hounds
  4 jellies
  6 orc priests
  A gnoll bouda (D:6)
  5 iguanas
  10 orc wizards
  7 gnolls
  4 adders
  A shadow imp (D:5)
  A white imp (D:7)
  2 ufetubi (D:7)
  2 dart slugs (D:2)
  2 ribbon worms (D:3)
  30 orcs
  4 ball pythons
  4 bats
  11 endoplasms
  3 giant cockroaches
  8 goblins
  A hobgoblin (D:1)
  13 jackals
  3 quokkas
  2 frilled lizards (D:2)
  18 kobolds
  7 rats
215 creatures vanquished.

Notes
Turn   | Place    | Note
-------+----------+-------------------------------------------
     0 | D:1      | ces the Tengu Hunter began the quest for the Orb.
     0 | D:1      | Reached XP level 1. HP: 12/12 MP: 2/2
    92 | D:1      | Reached XP level 2. HP: 10/17 MP: 3/3
   177 | D:1      | Reached skill level 5 in Ranged Weapons
   444 | D:1      | Reached XP level 3. HP: 21/21 MP: 4/4
   848 | D:2      | Found an ancient bone altar of Kikubaaqudgha.
   886 | D:2      | Reached skill level 6 in Ranged Weapons
   896 | D:2      | Found a faded altar of an unknown god.
   902 | D:2      | Reached XP level 4. HP: 26/26 MP: 5/5
  1047 | D:2      | Found Diptuhem's Weapon Shop.
  1325 | D:3      | Found a glowing silver altar of Zin.
  1623 | D:3      | Identified the amulet "Sabludd" {Faith Slay+4}
  1884 | D:4      | Noticed an ogre
  2014 | D:4      | Reached XP level 5. HP: 30/30 MP: 6/6
  2027 | D:4      | Killed an ogre
  2028 | D:4      | Reached skill level 7 in Ranged Weapons
  2062 | D:4      | Found a transporter.
  2069 | D:4      | Noticed a small abomination
  2077 | D:4      | Reached XP level 6. HP: 35/35 MP: 7/7
  2108 | D:4      | Noticed a toenail golem
  2145 | D:4      | Found a transporter.
  2255 | D:4      | Reached skill level 8 in Ranged Weapons
  2395 | D:4      | Found a runed translucent door.
  2396 | D:4      | Noticed Crazy Yiuf
  2774 | D:5      | Entered Level 5 of the Dungeon
  2801 | D:5      | Noticed a water moccasin
  3365 | D:5      | Gained mutation: Your magical flight helps you evade
                  | attacks. (EV +4) [Tengu growth]
  3365 | D:5      | Reached XP level 7. HP: 40/40 MP: 8/8
  3371 | D:4      | Reached skill level 9 in Ranged Weapons
  3985 | D:5      | Reached skill level 10 in Ranged Weapons
  4625 | D:5      | Reached XP level 8. HP: 44/44 MP: 9/9
  4836 | D:6      | Reached skill level 11 in Ranged Weapons
  4994 | D:6      | Found a staircase to the Ecumenical Temple.
  5031 | D:6      | Gained mutation: You are agile. (Dex +4, Str/Int -1)
                  | [potion of mutation]
  5031 | D:6      | Gained mutation: Your spells are a little harder to cast,
                  | but a little more powerful. [potion of mutation]
  5031 | D:6      | Gained mutation: You are very agile. (Dex +8, Str/Int -2)
                  | [potion of mutation]
  5050 | D:6      | Reached skill level 12 in Ranged Weapons
  5161 | Temple   | Entered the Ecumenical Temple
  5507 | D:6      | Reached XP level 9. HP: 41/48 MP: 10/10
  5656 | D:6      | Found an opulent altar of Gozag.
  5673 | D:6      | Reached skill level 13 in Ranged Weapons
  5680 | D:6      | Became a worshipper of Gozag Ym Sagoz the Greedy
  6501 | D:7      | Found a glowing golden altar of the Shining One.
  6503 | D:7      | Found a bloodstained altar of Trog.
  6517 | D:7      | Found a sacrificial altar of Ru.
  6524 | D:7      | Found a broken altar of Ashenzari.
  6529 | D:7      | Found a basalt altar of Yredelemnul.
  6537 | D:7      | Found a shadowy altar of Dithmenos.
  6541 | D:7      | Found a white marble altar of Elyvilon.
  6701 | D:7      | Reached skill level 14 in Ranged Weapons
  6815 | D:7      | Noticed Maurice
  6822 | D:7      | Maurice stole a +4 ring of protection
  6823 | D:7      | Maurice stole 325 gold
  6824 | D:7      | Maurice stole 152 gold
  6826 | D:7      | Killed Maurice
  7174 | D:8      | Reached skill level 15 in Ranged Weapons
  7508 | D:8      | Found an ornate altar of the Wu Jian Council.
  7531 | D:8      | Noticed Maggie
  7543 | D:8      | Killed Maggie
  7544 | D:8      | Reached XP level 10. HP: 39/53 MP: 11/11
  7903 | D:8      | Reached skill level 16 in Ranged Weapons
  8261 | D:8      | Noticed Psyche
  8299 | D:8      | Killed Psyche
  8439 | D:8      | Reached skill level 17 in Ranged Weapons
 10992 | D:8      | Slain by a troll

Illustrated notes

Levels and vault maps discovered:
D:1:      scummos_arrival_forest, layout_loops_cross, serial_bayou,
          serial_bayou_ford_a, serial_bayou_lagoon_b, serial_bayou_lagoon_a,
          serial_bayou_pond_d
D:2:      layout_rooms, ebering_ecumenical_altar_rust, serial_shops,
          nicolae_shop_bloodbath_and_beyond, basic_altar
D:3:      layout_basic, zin_academy, minmay_liquid_box
D:4:      layout_basic, gammafunk_ghost_abyssal_escape, patterned_corridor,
          uniq_crazy_yiuf_cottage
D:5:      layout_layer_cave
D:6:      layout_loops_ring, grunt_gozag_statues, minmay_temple_entry_offerings
D:7:      layout_basic, grunt_temple_overflow_octagram, uniq_maurice
D:8:      layout_loops_ring, mainiacjoe_overflow_six_doors_small,
          minmay_orc_keep, uniq_maggie, uniq_psyche
D:9:      cheibrodos_iron_armory, layout_small_grid,
          grunt_temple_overflow_lords_of_destruction
Temple:   nicolae_temple_bog_church

Skill      XL: |  1  2  3  4  5  6  7  8  9 10 |
---------------+-------------------------------+-----
Ranged Weapons | 5 6 7 8 10 12 15 17 | 17.4
Fighting       | |  2.0
Dodging        | |  2.2
Stealth        | |  1.0

Action                     |  1- 3 |  4- 6 |  7- 9 | 10-12 || total
---------------------------+-------+-------+-------+-------++-------
   Fire: Shortbow          |   108 |   153 |   255 |   175 ||   691
    Use: Potion            |       |     1 |     8 |     2 ||    11
         Scroll            |       |       |     1 |     2 ||     3
 Armour: Leather armour    |    31 |    41 |    38 |    50 ||   160
         Skin              |       |     7 |    10 |       ||    17
  Dodge: Dodged            |    38 |    44 |    65 |   131 ||   278
